 Dungeon Crawl Stone Soup version 0.30.0-30-g96aa6591b8 (webtiles) character file.

Game seed: 2417788200413399534

18508 Fecro the Unseen (level 12, -2/59 HPs)
             Began as a Spriggan Brigand on June 30, 2023.
             Was an Elder of Dithmenos.
             Slain by an ogre
             ... wielding a +0 giant club
              (26 damage)
             ... while paralysed by an ogre mage
             ... on level 2 of the Orcish Mines.
             The game lasted 01:17:15 (16681 turns).

Fecro the Unseen (Spriggan Brigand)                Turns: 16681, Time: 01:17:16

Health: -2/59      AC:  5    Str:  7    XL:     12   Next: 28%
Magic:  24/24      EV:  4    Int: 13    God:    Dithmenos [****..]
Gold:   953        SH:  0    Dex: 27    Spells: 23/26 levels left

rFire   + . .        e - +0 shortbow
rCold   x . .        (shield currently unavailable)
rNeg    . . .        b - +0 steam dragon scales
rPois   .            (helmet restricted)
rElec   .            c - scarf {repulsion}
rCorr   .            (gloves unavailable)
SInv    +            (boots unavailable)
Will    ++...        H - amulet of faith
Stlth   ++++++++++   J - ring of fire
HPRegen 0.29/turn    y - +6 ring of dexterity
MPRegen 0.19/turn

%: repel missiles, faith
@: paralysed, wreathed by umbra, very quick
A: very small, no large weapons, unfitting armour, see invisible, speed 3
a: Renounce Religion, Shadow Step


You were on level 2 of the Orcish Mines.
You worshipped Dithmenos.
Dithmenos was greatly pleased with you.
You visited 4 branches of the dungeon, and saw 17 of its levels.

You collected 1121 gold pieces.
You spent 168 gold pieces at shops.

Inventory:

Hand Weapons
 a - a +6 dagger of chaos
 e - a +0 shortbow (weapon)
Missiles
 d - 15 poisoned darts
 h - 78 stones
 l - a throwing net
 n - 10 boomerangs
 t - 5 datura-tipped darts
Armour
 b - +0 steam dragon scales (worn)
 c - a scarf of repulsion (worn)
Jewellery
 k - a +6 ring of dexterity
 s - a ring of flight
 y - a +6 ring of dexterity (right hand)
 H - an amulet of faith (around neck)
 J - a ring of fire (left hand)
Wands
 w - a wand of iceblast (1)
 B - a wand of digging (11)
 C - a wand of mindburst (9)
 K - a wand of flame (4)
Scrolls
 g - 2 scrolls of fear
 i - a scroll of acquirement {unknown}
 q - 3 scrolls of teleportation
 z - 3 scrolls of fog
 A - a scroll of poison
 F - 3 scrolls of blinking
 G - a scroll of enchant armour {unknown}
 I - a scroll of brand weapon {unknown}
 L - a scroll of vulnerability {unknown}
Potions
 f - 4 potions of brilliance
 j - 2 potions of heal wounds
 m - 2 potions of invisibility
 o - 3 potions of might
 p - a potion of ambrosia
 r - a potion of cancellation
 u - a potion of attraction
 v - a potion of curing
 x - 2 potions of resistance
 D - a potion of haste
 N - 2 potions of mutation {unknown}
Miscellaneous
 M - a lightning rod (4/4)


   Skills:
 + Level 4.9 Fighting
 + Level 6.5 Short Blades
 + Level 9.1 Ranged Weapons
 * Level 8.6 Throwing
 * Level 7.2 Dodging
 * Level 15.7 Stealth
 - Level 7.7 Spellcasting
 - Level 8.2 Transmutations
 + Level 1.1 Evocations


You had 23 spell levels left.
You knew the following spells:

 Your Spells              Type           Power      Damage    Failure   Level
a - Beastly Appendage     Tmut           52%        N/A       1%          1
b - Wereblood             Tmut           26%        N/A       1%          2

Your spell library contained the following spells:

 Spells                   Type           Power      Damage    Failure   Level
 Spider Form              Tmut/Pois      15%        N/A       8%          3
 Ignite Poison            Fire/Tmut/Pois 18%        N/A       14%         3
 Cigotuvi's Dreadful Rot  Necr/Pois/Air  10%        N/A       22%         2
 Ice Form                 Ice/Tmut       15%        N/A       26%         4
 Frozen Ramparts          Ice            10%        1d2       38%         3
 Ozocubu's Armour         Ice            5%         N/A       38%         3
 Tukima's Dance           Hex            5%         N/A       38%         3
 Yara's Violent Unravell  Hex/Tmut       7%         3d5       58%         5
 Passage of Golubria      Tloc           5%         N/A       80%         4
 Summon Ice Beast         Ice/Summ       5%         N/A       80%         4
 Summon Lightning Spire   Summ/Air       5%         N/A       80%         4
 Freezing Cloud           Conj/Ice/Air   2%         6-21      98%         5
 Metabolic Englaciation   Hex/Ice        2%         N/A       98%         5
 Simulacrum               Ice/Necr       2%         N/A       100%        6
 Storm Form               Tmut/Air       7%         N/A       100%        7
 Maxwell's Capacitive Co  Air            2%         ∞         100%        8


Dungeon Overview and Level Annotations

Branches:
Dungeon (13/15)            Temple (1/1) D:6            Lair (1/5) D:9
    Orc (2/2) D:11            Elf (0/3) Orc:2
 Vaults: D:13-14

Altars:
Ashenzari
Cheibriados
Dithmenos
Elyvilon
Fedhas
Gozag
Hepliaklqana
Kikubaaqudgha
Makhleb
Nemelex Xobeh
Okawaru
Qazlal
Ru
Sif Muna
Trog
Uskayaw
Vehumet
Wu Jian
Xom
Yredelemnul
Zin
The Shining One

Shops:
D:7 *   D:8 !!::!   D:10 (   D:12 *

Annotations:
D:6 2 runed translucent doors, Mig's ghost, novice VSFi
D:10 exclusion: orange crystal statue
Lair:1 Amaemon


Innate Abilities, Weirdness & Mutations

You are very small and have problems with some larger weapons.
You are too small for most types of armour.
You have supernaturally acute eyesight. (SInv)
You cover ground extremely quickly. (Speed+++)


Message History

a +0 mace; an orc skeleton Your magical contamination has completely faded away.
e - a +0 shortbow (weapon)
You shoot an arrow. The arrow hits the ogre!
The ogre is moderately wounded.
Your shadow shoots an arrow.
The arrow hits the ogre.
Things that are here:
a +0 ring mail; a +0 mace You shoot an arrow.
The arrow barely misses the ogre.
You shoot an arrow. The arrow hits the ogre.
The ogre is heavily wounded.
Things that are here:
a +0 giant club; a +0 giant club You shoot an arrow.
The arrow hits the ogre.
The ogre is severely wounded.
You shoot an arrow. The arrow hits the ogre.
The ogre is severely wounded.
You shoot an arrow. The arrow hits the ogre.
The ogre is almost dead.
You shoot an arrow. The arrow hits the ogre.
You kill the ogre!
Dithmenos accepts your kill.
Things that are here:
a +0 giant club; a +0 giant club; a +0 giant club
There is a stone staircase leading down here.
You climb downwards.
The ogre mage casts a spell at the ogre mage.
The ogre mage seems to speed up.
There is a stone staircase leading up, spattered with blood here.
The ogre mage casts a spell at the ogre mage.
The ogre mage seems to speed up.
The ogre mage gestures at you while chanting.
The bolt of magma hits you! You partially resist.
The ogre mage casts a spell at you. You resist with almost no effort.
The ogre mage casts a spell at you.
You suddenly lose the ability to move!
You stop ascending the stairs.
The ogre mage hits you with a +0 flail! The ogre mage hits you with a +0 whip!
The ogre hits you with a +0 giant club!!
You die...

###......#.....
..........#.....
.................#.
....$................
.....#.>............
.....$............#
..........OO......#
....o...)..@O.....#
....)......O......#
..................#
.........[........#
#...........<.....#
....#.............#
.....#(#..........#######
......(.........(.......##
#....#.#........#..#...).##


You could see 3 ogre magi, an orc warrior (wandering) and an ogre.

Vanquished Creatures
  Jorgrun (D:13)
  Erolcha (D:11)
  6 two-headed ogres
  A deep elf pyromancer (D:12)
  An orc sorcerer (Orc:1)
  A cyclops (Orc:2)
  A manticore (D:12)
  A molten gargoyle (D:12)
  An orange demon (Lair:1)
  A gargoyle (D:9)
  2 komodo dragons
  A kobold demonologist (D:10)
  Psyche (D:8)
  An unseen horror (D:12)
  A hornet (D:10)
  7 trolls
  Grinder (D:5)
  3 wyverns
  2 vampires
  5 yaks
  3 wraiths
  A steam dragon (D:7)
  3 vampire mosquitoes
  2 sky beasts
  5 orc warriors
  A black bear (D:4)
  3 ice beasts
  3 centaurs
  8 ogres
  A phantom (D:6)
  A kobold brigand (D:10)
  2 bullfrogs
  2 gnoll sergeants (D:9)
  Blork the orc (D:6)
  2 scorpions
  5 wights (D:9)
  7 killer bees
  2 howler monkeys (D:9)
  A lava snake (D:8)
  3 hounds
  5 jellies
  6 orc priests
  2 gnoll boudas
  Terence (D:3)
  6 iguanas
  9 orc wizards
  2 sleepcaps
  15 gnolls
  11 adders
  A shadow imp (D:8)
  2 white imps
  3 worms
  4 dart slugs
  50 orcs
  10 endoplasms
  6 giant cockroaches
  5 goblins
  6 hobgoblins
  3 quokkas
  6 ball pythons
  5 bats
  4 frilled lizards
  8 kobolds
  2 rats
267 creatures vanquished.

Vanquished Creatures (collateral kills)
  An orc knight (Orc:1)
  A troll (Orc:1)
2 creatures vanquished.

Vanquished Creatures (others)
  An orc wizard (Orc:1)
  2 gnolls (D:8)
3 creatures vanquished.

Grand Total: 272 creatures vanquished

Notes
Turn   | Place    | Note
-------+----------+-------------------------------------------
     0 | D:1      | Fecro the Spriggan Brigand began the quest for the Orb.
     0 | D:1      | Reached XP level 1. HP: 10/10 MP: 2/2
    99 | D:1      | Found a faded altar of an unknown god.
   112 | D:1      | Reached skill level 6 in Stealth
   343 | D:1      | Reached XP level 2. HP: 11/14 MP: 3/3
   525 | D:1      | Reached skill level 7 in Stealth
   859 | D:2      | Reached XP level 3. HP: 18/18 MP: 4/4
  1429 | D:2      | Reached XP level 4. HP: 23/23 MP: 5/5
  2036 | D:3      | Reached skill level 8 in Stealth
  2427 | D:3      | Noticed Terence
  2449 | D:3      | Killed Terence
  2450 | D:3      | Reached XP level 5. HP: 26/26 MP: 6/6
  2585 | D:4      | Reached skill level 1 in Transmutations
  2604 | D:4      | Noticed an ice beast
  2658 | D:4      | Reached skill level 1 in Spellcasting
  2795 | D:4      | Killed an ice beast
  2796 | D:4      | Reached skill level 9 in Stealth
  2796 | D:4      | Reached XP level 6. HP: 30/30 MP: 7/9
  3419 | D:5      | Entered Level 5 of the Dungeon
  3618 | D:4      | Learned a level 1 spell: Beastly Appendage
  3624 | D:4      | Learned a level 2 spell: Wereblood
  3877 | D:5      | Reached XP level 7. HP: 34/34 MP: 10/10
  3923 | D:5      | Noticed Grinder
  3935 | D:5      | Killed Grinder
  3936 | D:5      | Reached skill level 10 in Stealth
  4004 | D:5      | Found a snail-covered altar of Cheibriados.
  4004 | D:5      | Found a sacrificial altar of Ru.
  4005 | D:5      | Found a stormy altar of Qazlal.
  4005 | D:5      | Found an opulent altar of Gozag.
  4076 | D:4      | Reached skill level 11 in Stealth
  4961 | D:5      | Reached skill level 1 in Ranged Weapons
  4961 | D:5      | Reached XP level 8. HP: 36/39 MP: 13/13
  5379 | D:6      | Found a staircase to the Ecumenical Temple.
  5387 | Temple   | Entered the Ecumenical Temple
  5394 | Temple   | Became a worshipper of Dithmenos the Shadowed
  5666 | D:6      | Noticed Blork the orc
  5678 | D:6      | Killed Blork the orc
  5773 | D:6      | Found a runed translucent door.
  5795 | D:6      | Found a runed translucent door.
  5796 | D:6      | Noticed Mig's ghost (novice VSFi)
  6117 | D:7      | Found a hide-covered altar of Uskayaw.
  6117 | D:7      | Found a white marble altar of Elyvilon.
  6614 | D:7      | Found Natrum's General Store.
  6621 | D:7      | Bought 3 boomerangs for 84 gold pieces
  6621 | D:7      | Bought 3 scrolls of identify for 84 gold pieces
  6708 | D:7      | Reached skill level 5 in Throwing
  7110 | D:7      | You fall into a shaft and drop 2 floors!
  7183 | D:8      | Found Rerhed's Book Shoppe.
  7185 | D:8      | Found Xetecu's Book Emporium.
  7264 | D:7      | Found a basalt altar of Yredelemnul.
  7368 | D:6      | Reached XP level 9. HP: 43/43 MP: 16/16
  7648 | D:7      | Reached * piety under Dithmenos
  7732 | D:7      | Reached skill level 12 in Stealth
  7901 | D:8      | Found Ewumakk's Distillery.
  7952 | D:8      | Noticed Psyche
  8028 | D:8      | Killed Psyche
  8029 | D:8      | Reached skill level 5 in Ranged Weapons
  8344 | D:8      | Reached skill level 5 in Spellcasting
  8344 | D:8      | Reached skill level 5 in Transmutations
  8368 | D:8      | Identified the +0 leather armour "Disilann" {Fly rN+ Regen+
                  | Str-3}
  8493 | D:8      | Found Tegguxt's Distillery.
  8760 | D:8      | Found Jeakesy's Distillery.
  8984 | D:8      | Reached ** piety under Dithmenos
  9704 | D:9      | Found a staircase to the Lair.
  9755 | D:9      | Reached skill level 5 in Short Blades
  9755 | D:9      | Reached skill level 13 in Stealth
  9774 | D:9      | Reached XP level 10. HP: 49/49 MP: 19/19
 10266 | D:9      | Noticed a gargoyle
 10357 | D:9      | Killed a gargoyle
 10491 | D:10     | Entered Level 10 of the Dungeon
 10521 | D:10     | Noticed a +0 rapier
 10523 | D:10     | Found Jeod's Weapon Boutique.
 10525 | D:10     | Noticed a +0 quick blade
 10795 | D:9      | Reached *** piety under Dithmenos
 10999 | D:10     | Noticed a sun demon
 11008 | D:10     | Noticed a sixfirhy
 11189 | D:10     | Noticed an orange demon
 11603 | D:10     | Noticed an orange crystal statue
 12142 | D:10     | Noticed a two-headed ogre
 12301 | D:10     | Noticed a gargoyle
 12432 | D:11     | Noticed Erolcha
 12462 | D:11     | Found a staircase to the Orcish Mines.
 12847 | D:11     | Reached skill level 14 in Stealth
 13008 | D:11     | Killed Erolcha
 13221 | D:11     | Noticed a two-headed ogre
 13250 | D:11     | Killed a two-headed ogre
 13251 | D:11     | Reached XP level 11. HP: 53/53 MP: 22/22
 13628 | D:12     | Noticed a two-headed ogre
 13635 | D:12     | Killed a two-headed ogre
 13835 | D:12     | Found Dunar's Assorted Antiques.
 14364 | D:12     | Noticed a deep elf pyromancer
 14365 | D:12     | Noticed a two-headed ogre
 14393 | D:12     | Killed a deep elf pyromancer
 14443 | D:12     | Killed a two-headed ogre
 14777 | D:12     | Reached skill level 5 in Dodging
 15019 | D:13     | Noticed Jorgrun
 15026 | D:13     | Killed Jorgrun
 15027 | D:13     | Reached skill level 1 in Evocations
 15045 | D:13     | Reached skill level 15 in Stealth
 15199 | D:13     | Noticed a centaur warrior
 15317 | Lair:1   | Entered Level 1 of the Lair of Beasts
 15336 | Lair:1   | Noticed Amaemon
 15389 | Orc:1    | Entered Level 1 of the Orcish Mines
 15714 | Orc:2    | Entered Level 2 of the Orcish Mines
 15714 | Orc:2    | Found a staircase to the Elven Halls.
 15791 | Orc:2    | Reached **** piety under Dithmenos
 15792 | Orc:2    | Noticed an orc knight
 15795 | Orc:2    | Noticed an orc sorcerer
 15946 | Orc:2    | Noticed a two-headed ogre
 15948 | Orc:2    | Noticed a sun demon
 15978 | Orc:1    | Reached XP level 12. HP: 23/58 MP: 24/24
 16140 | Orc:1    | Killed a two-headed ogre
 16215 | Orc:2    | Noticed a two-headed ogre
 16274 | Orc:1    | Killed a two-headed ogre
 16458 | Orc:2    | Noticed an ogre mage
 16458 | Orc:2    | Noticed a two-headed ogre
 16563 | Orc:2    | Noticed an ogre mage
 16564 | Orc:2    | Noticed an ogre mage
 16604 | Orc:1    | Killed a two-headed ogre
 16680 | Orc:2    | Paralysed by an ogre mage for 3 turns
 16681 | Orc:2    | Slain by an ogre

Illustrated notes

Levels and vault maps discovered:
D:1:      dpeg_arrival_concentric_ovals, layout_basic,
          ebering_ecumenical_altar_rust
D:2:      layout_basic
D:3:      layout_basic, uniq_terence
D:4:      layout_loops_ring
D:5:      layout_cave_pods, chequers_temple_overflow_statue_of_worship,
          uniq_grinder
D:6:      layout_gridville, minmay_temple_entry_fiery, serial_glass,
          glass_columns_a, glass_columns_c, ebering_ghost_sewer_f,
          uniq_blork_the_orc
D:7:      layout_cave_pools, yredelemnul_altar_generic,
          gammafunk_temple_overflow_statue, serial_shops, nicolae_shop_trees
D:8:      layout_loops_ring, serial_shops, shop, shop, nicolae_lakefront_shop,
          shop, nicolae_shop_peninsula, st_stairs_7, minmay_orc_keep,
          uniq_psyche
D:9:      layout_stronghold, lair_entry_dummy, grunt_ministairs_9,
          minmay_misc_feat_enclosed
D:10:     layout_rooms, serial_shops, nicolae_shop_mannequins, grunt_decor_cap,
          minmay_protected_statue
D:11:     layout_irregular_city, orc_0_dummy, uniq_erolcha
D:12:     layout_gridville, serial_glass, glass_columns_a, glass_columns_a,
          due_unseen_surprise, item_on_display_b, feat_on_display,
          feat_on_display, serial_shops, shop, amcnicky_mini_pool_medium
D:13:     layout_long_grid, serial_shops, shop_statue, uniq_lodul, uniq_jorgrun
Temple:   nicolae_temple_no_exploring_needed
Lair:1:   layout_concentric_octagons, uniq_amaemon, uniq_urug
Orc:1:    layout_caves, basic_altar
Orc:2:    st_orc_ogre_mass, layout_caves, gammafunk_ghost_necromancy,
          minmay_orc_temple_c, uniq_azrael

Skill      XL: |  1  2  3  4  5  6  7  8  9 10 11 12 |
---------------+-------------------------------------+-----
Stealth        | 6 7 8 9 11 13 14 15 | 15.7
Short Blades   | 3 4 5 6 |  6.5
Transmutations | 1 2 3 4 5 7 8 |  8.2
Spellcasting   | 1 3 4 5 7 |  7.7
Throwing       | 3 4 5 6 7 8 |  8.6
Dodging        | 2 3 4 6 7 |  7.2
Fighting       | 2 3 4 |  4.9
Ranged Weapons | 1 4 5 7 8 9 |  9.1
Evocations     | 1 |  1.1

Action                     |  1- 3 |  4- 6 |  7- 9 | 10-12 || total
---------------------------+-------+-------+-------+-------++-------
  Melee: Dagger            |   113 |   112 |   319 |   283 ||   827
         Punch             |       |     3 |     4 |     6 ||    13
         Kick              |       |       |     8 |    81 ||    89
         Headbutt          |       |       |     5 |    44 ||    49
   Fire: Sling             |     6 |       |   292 |       ||   298
         Shortbow          |       |       |    17 |   237 ||   254
  Throw: Boomerang         |       |    54 |       |    12 ||    66
         Dart              |       |     1 |    39 |    50 ||    90
   Cast: Beastly Appendage |       |       |     5 |    16 ||    21
  Evoke: Wand              |       |       |     7 |     1 ||     8
         Lightning rod     |       |       |       |     4 ||     4
    Use: Scroll            |     1 |     6 |    11 |     6 ||    24
         Potion            |     1 |       |     1 |       ||     2
   Stab: Sleeping          |    11 |    27 |    25 |    10 ||    73
         Distracted        |       |       |     4 |     2 ||     6
         Confused          |       |       |       |     1 ||     1
         Paralysed         |       |       |       |     1 ||     1
 Armour: Robe              |    13 |     9 |    12 |       ||    34
         Steam dragon scal |       |       |    32 |    30 ||    62
  Dodge: Dodged            |    80 |    47 |   266 |   301 ||   694
         Repelled          |       |       |       |     4 ||     4
